 Dungeon Crawl Stone Soup version 0.26-a0-651-gb41185065b (webtiles) character file.

Game seed: 4955737755425534878

(classic levelgen) 4346 EnegeticOcto the Cleaver (level 10, 0/91 HPs)
             Began as a Deep Dwarf Fighter on Sept 30, 2020.
             Was a Follower of Makhleb.
             Slain by a two-headed ogre
             ... wielding a +0 giant spiked club
              (13 damage)
             ... on level 8 of the Dungeon.
             The game lasted 00:03:00 (3757 turns).

EnegeticOcto the Cleaver (Deep Dwarf Fighter)       Turns: 3757, Time: 00:03:00

Health: 0/91       AC: 16    Str: 23    XL:     10   Next: 12%
Magic:  5/5        EV:  6    Int: 10    God:    Makhleb [*.....]
Gold:   266        SH: 11    Dex: 12    Spells: 9/9 levels left

rFire    + . .     SeeInvis .   a - +1 war axe
rCold    . . .     Faith    .   c - +0 kite shield
rNeg     . . .     Spirit   .   t - +0 chain mail
rPois    .         Reflect  .   l - +1 helmet "Efabuf" {rF+ Int+5}
rElec    .         Harm     .   s - +1 cloak
rCorr    .         Rampage  .   (no gloves)
MR       +....                  w - +0 pair of boots
Stlth    ..........             (no amulet)
HPRegen  0.00/turn              j - -4 ring of intelligence (curse)
MPRegen  0.09/turn              (no ring)

@: non-regenerating
A: damage resistance, heal wounds, sense surroundings 2, no regeneration
a: Heal Wounds, Renounce Religion


You were on level 8 of the Dungeon.
You worshipped Makhleb.
Makhleb was aware of your devotion.
You visited 2 branches of the dungeon, and saw 9 of its levels.

You collected 266 gold pieces.

Inventory:

Hand Weapons
 a - a +1 war axe (weapon)
Missiles
 v - a throwing net (quivered)
Armour
 b - a +0 scale mail
 c - a +0 kite shield (worn)
 l - the +1 helmet "Efabuf" (worn) {rF+ Int+5}
   (You found it on level 4 of the Dungeon)

   It affects your intelligence (+5).
   It protects you from fire.
 s - a +1 cloak (worn)
 t - a +0 chain mail (worn)
 w - a +0 pair of boots (worn)
Jewellery
 j - a cursed -4 ring of intelligence (left hand)
Wands
 k - a wand of polymorph (11)
 m - a wand of acid (9) {@v1}
 u - a wand of iceblast (6) {@v2}
Scrolls
 f - a scroll of teleportation {@r3}
 r - 4 scrolls of identify {@r1}
 y - a scroll of magic mapping {unknown}
Potions
 d - a potion of might {@q3}
 e - a potion of flight
 g - 2 potions of invisibility
 h - a potion of heal wounds {@q2}
 i - 2 potions of curing {@q1}
 n - a potion of magic {unknown}
 o - a potion of haste {@q4}
 p - 2 potions of brilliance {unknown}
 q - 3 potions of lignification {@q7}
 x - a potion of resistance {unknown}


   Skills:
 + Level 6.1 Fighting
 * Level 9.6 Axes
 + Level 7.3 Armour
 + Level 7.3 Shields
 * Level 7.8 Invocations


You had 9 spell levels left.
You didn't know any spells.
Your spell library was empty.

Dungeon Overview and Level Annotations

Branches:
Dungeon (8/15)             Temple (1/1) D:6
   Lair: D:8-11

Altars:
Ashenzari
Cheibriados
Dithmenos
Elyvilon
Gozag
Hepliaklqana
Kikubaaqudgha
Makhleb
Nemelex Xobeh
Okawaru
Qazlal
Ru
Trog
Uskayaw
Wu Jian
Zin

Annotations:
D:7 2 runed translucent doors


Innate Abilities, Weirdness & Mutations

You are resistant to damage.
You can heal yourself by infusing magical energy.
You passively map the area around you.
You do not regenerate.


Message History

No target in view!
No target in view!
No target in view!
No target in view!
No target in view!
No target in view!
No target in view!
No target in view!
Found a shadowy altar of Dithmenos.
A phantom comes into view.
A phantom is nearby!
A phantom is nearby!
A phantom is nearby!
You closely miss the phantom.
The phantom hits you but does no damage.
You slice the phantom!!
The phantom is heavily damaged.
You block the phantom's attack.
You hit the phantom.
The phantom is heavily damaged.
You block the phantom's attack.
You hit the phantom.
The phantom is heavily damaged.
You block the phantom's attack.
You hit the phantom.
The phantom is severely damaged.
You block the phantom's attack.
You miss the phantom.
The phantom is severely damaged.
The phantom blinks!
The phantom blinks!
You hit the phantom.
The phantom is almost destroyed.
The phantom hits you but does no damage.
You hit the phantom.
The phantom is almost destroyed.
The phantom blinks!
The phantom blinks!
A phantom is nearby!
A phantom is nearby!
A phantom is nearby!
You block the phantom's attack.
You slash the phantom!
You destroy the phantom!
Makhleb accepts your kill.
No target in view!
No target in view!
No target in view!
No target in view!
No target in view!
No target in view!
No target in view!
No target in view!
No target in view!
No target in view!
No target in view!
A two-headed ogre comes into view.
It is wielding a +0 giant spiked club and a +0 giant club.
The two-headed ogre shouts in stereo!
A two-headed ogre is nearby!
A two-headed ogre is nearby!
A two-headed ogre is nearby!
A two-headed ogre is nearby!
The two-headed ogre hits you with a +0 giant spiked club!!
* * * LOW HITPOINT WARNING * * *
You block the two-headed ogre's attack.
You are too injured to fight recklessly!
You are too injured to fight recklessly!
You are too injured to fight recklessly!
You are too injured to fight recklessly!
You are too injured to fight recklessly!
You are too injured to fight recklessly!
You are too injured to fight recklessly!
You are too injured to fight recklessly!
You are too injured to fight recklessly!
You are too injured to fight recklessly!
You are too injured to fight recklessly!
You are too injured to fight recklessly!
You feel much better.
You fail to use your ability.
The two-headed ogre hits you with a +0 giant spiked club.
The two-headed ogre hits you but does no damage.
You barely miss the two-headed ogre.
The two-headed ogre hits you with a +0 giant spiked club!
The two-headed ogre hits you with a +0 giant club!
* * * LOW HITPOINT WARNING * * *
You are too injured to fight recklessly!
You are too injured to fight recklessly!
You are too injured to fight recklessly!
You are too injured to fight recklessly!
You are too injured to fight recklessly!
You are too injured to fight recklessly!
You are too injured to fight recklessly!
You are too injured to fight recklessly!
You are too injured to fight recklessly!
You are too injured to fight recklessly!
You fail to use your ability.
The two-headed ogre hits you with a +0 giant spiked club!
* * * LOW HITPOINT WARNING * * *
The two-headed ogre hits you with a +0 giant club!
You die...

#......_...........#
#..........###.....#
#...........##.....#
#..._..⌠.._.##.....#
#...........##.....#
#..................#
#......_...###.....#
#........### #.....#
#......@## #.....#
#......O# #.....#
#.......# #.....#
#.......# #.....#
#.......# #.....#
#.......# #.....#
#.......# #.....#
######### #######


You could see a two-headed ogre.

Vanquished Creatures
  Harold (D:7)
  Pikel (D:8)
  Psyche (D:8)
  Maggie (D:8)
  A hippogriff (D:5)
  Grum (D:8)
  3 ice beasts
  2 phantoms
  4 wolves (D:8)
  2 centaurs (D:8)
  3 ogres
  4 lemures (D:8)
  A crocodile (D:8)
  2 bullfrogs (D:8)
  A big kobold (D:7)
  A scorpion (D:4)
  A centaur zombie (D:5)
  2 jellies
  2 hounds
  4 orc wizards
  A centaur skeleton (D:6)
  6 orc priests
  A bullfrog skeleton (D:6)
  Ijyb (D:3)
  3 worker ants
  A hound skeleton (D:5)
  3 gnolls (D:6)
  5 adders
  3 shadow imps
  2 oozes
  An adder skeleton (D:5)
  An adder zombie (D:5)
  A worm (D:5)
  4 leopard geckos
  19 orcs
  4 giant cockroaches
  A goblin (D:2)
  3 hobgoblins
  13 jackals
  2 quokkas
  A ball python (D:5)
  A bat (D:2)
  A jackal zombie (D:5)
  2 kobolds (D:7)
  A quokka skeleton (D:7)
  A quokka zombie (D:5)
  A rat (D:3)
121 creatures vanquished.

Vanquished Creatures (others)
  A sky beast (D:8)
1 creature vanquished.

Grand Total: 122 creatures vanquished

Notes
Turn   | Place    | Note
-------+----------+-------------------------------------------
     0 | D:1      | EnegeticOcto the Deep Dwarf Fighter began the quest for the
                  | Orb.
     0 | D:1      | Reached XP level 1. HP: 20/20 MP: 1/1
   120 | D:2      | Reached XP level 2. HP: 22/27 MP: 2/2
   183 | D:3      | Noticed Ijyb
   218 | D:3      | Killed Ijyb
   218 | D:3      | Reached skill level 3 in Axes
   218 | D:3      | Reached XP level 3. HP: 22/34 MP: 2/2
   232 | D:4      | Noticed a phantom
   276 | D:4      | Killed a phantom
   276 | D:4      | Reached skill level 4 in Axes
   276 | D:4      | Reached XP level 4. HP: 35/42 MP: 2/2
   290 | D:4      | Reached XP level 5. HP: 41/49 MP: 3/3
   638 | D:4      | Got a pitted helmet
   643 | D:4      | Identified the +1 helmet "Efabuf" {rF+ Int+5} (You found it
                  | on level 4 of the Dungeon)
   661 | D:5      | Entered Level 5 of the Dungeon
   662 | D:5      | Noticed a hippogriff
   667 | D:5      | Reached XP level 6. HP: 32/57 MP: 4/4
   679 | D:5      | Killed a hippogriff
   679 | D:5      | Reached skill level 5 in Axes
  1010 | D:5      | Reached XP level 7. HP: 35/64 MP: 4/4
  1093 | D:5      | Reached skill level 5 in Armour
  1093 | D:5      | Reached skill level 5 in Shields
  1212 | D:5      | Reached skill level 6 in Axes
  1604 | D:6      | Reached XP level 8. HP: 8/73 MP: 1/1
  1906 | D:6      | Found a staircase to the Ecumenical Temple.
  1915 | Temple   | Entered the Ecumenical Temple
  2012 | Temple   | Became a worshipper of Makhleb the Destroyer
  2596 | D:7      | Noticed Harold
  2626 | D:7      | Killed Harold
  2626 | D:7      | Reached skill level 5 in Fighting
  2626 | D:7      | Reached skill level 7 in Axes
  2736 | D:7      | Reached skill level 8 in Axes
  2898 | D:7      | Gained mutation: You passively map the area around you.
                  | [Deep Dwarf growth]
  2898 | D:7      | Reached XP level 9. HP: 61/81 MP: 5/5
  2905 | D:7      | Found a runed translucent door.
  2907 | D:7      | Found a runed translucent door.
  3032 | D:8      | Noticed Maggie
  3033 | D:8      | Noticed Psyche
  3040 | D:8      | Paralysed by something for 5 turns
  3056 | D:8      | Killed Maggie
  3056 | D:8      | Reached skill level 5 in Invocations
  3063 | D:8      | Killed Psyche
  3213 | D:8      | Noticed Pikel
  3238 | D:8      | Killed Pikel
  3238 | D:8      | Reached skill level 9 in Axes
  3667 | D:8      | Noticed Grum
  3681 | D:8      | Reached * piety under Makhleb
  3681 | D:8      | Reached XP level 10. HP: 41/91 MP: 5/5
  3706 | D:8      | Killed Grum
  3707 | D:8      | Found a white marble altar of Elyvilon.
  3717 | D:8      | Found an opulent altar of Gozag.
  3717 | D:8      | Found a sparkling altar of Nemelex Xobeh.
  3720 | D:8      | Found a shadowy altar of Dithmenos.
  3752 | D:8      | Noticed a two-headed ogre
  3757 | D:8      | Slain by a two-headed ogre

Illustrated notes

Levels and vault maps discovered:
D:1:      mushboom_english_gardens, layout_basic, minivault_19
D:2:      layout_loops_ring, lemuel_round_altar, lemuel_round_altar,
          uniq_sigmund, uniq_terence
D:3:      layout_loops_corners, uniq_ijyb, uniq_crazy_yiuf_cottage
D:4:      layout_rooms
D:5:      layout_loops_corners, chequers_serial_rivers_room_b
D:6:      layout_layer_cave, minmay_temple_entry_water_ring,
          minmay_fractal_squares_5
D:7:      lemuel_insect_pit, layout_rooms, uniq_harold
D:8:      layout_gridville, grunt_temple_overflow_open, uniq_psyche, uniq_grum,
          uniq_pikel, uniq_maggie
Temple:   regret_index_temple_sphere_string

Skill      XL: |  1  2  3  4  5  6  7  8  9 |
---------------+----------------------------+-----
Fighting       | 3 4 5 6 |  6.1
Axes           | 3 4 5 6 8 9 |  9.6
Armour         | 4 5 6 7 |  7.3
Shields        | 4 5 6 7 |  7.3
Invocations    | 4 7 |  7.8

Action                   |  1- 3 |  4- 6 |  7- 9 | 10-12 || total
-------------------------+-------+-------+-------+-------++-------
Melee: War axe           |   100 |    99 |   260 |    32 ||   491
 Abil: Heal Wounds       |     4 |     1 |    18 |     3 ||    26
  Use: Scroll            |       |       |    14 |       ||    14
Armor: Scale mail        |    44 |    48 |    44 |       ||   136
       Chain mail        |       |       |   142 |    24 ||   166
Dodge: Dodged            |    30 |    29 |    92 |     7 ||   158
Block: Kite shield       |    45 |    62 |   180 |    30 ||   317

Table legend: (Time is in decaauts)
 A = Elapsed time spent in this place.
 B = Non-inter-level travel time spent in this place.
 C = Inter-level travel time spent in this place.
 D = Time resting spent in this place.
 E = Time spent auto-exploring this place.
 F = Levels seen in this place.
 G = Mean time per level.
                   A        B        C        D        E       F      G
               +--------+--------+--------+--------+--------+-----+--------+
         Total |   3896 |   3734 |    162 |      0 |   2727 |   9 |  432.9 |
       Dungeon |   3788 |   3635 |    153 |      0 |   2637 |   8 |  473.5 |
        Temple |    107 |     98 |      9 |      0 |     90 |   1 |  107.0 |
               +--------+--------+--------+--------+--------+-----+--------+

Top non-repeatable levels by time:
     D:6: 943 daAuts
     D:5: 875 daAuts
     D:8: 741 daAuts
     D:7: 506 daAuts
     D:4: 456 daAuts
     D:3: 124 daAuts
  Temple: 107 daAuts
     D:2: 87 daAuts
     D:1: 54 daAuts
